Workbook
Name Constr: '25144'!$A$1
Name FOT: '25144'!$B$20
Name Ind: '25144'!$D$9
Name Obj: '25144'!#REF!
Name Obosn: '25144'!$B$15
Name SmPr: '25144'!$B$16
Name аааааппппппрррппппппп: #REF!
Name аараооооооооооооо: #REF!
Name автом: #REF!
Name алшрльоплварл: #REF!
Name аолвлддддддддддддддддввввввввв: #REF!
Name апарв: #REF!
Name апрлдджаоырыфрпопрлпрлпрлп: #REF!
Name арлггаджаш: #REF!
Name ароррбллтблпроорапииас: #REF!
Name арррррблллпдрлдддддддддд: #REF!
Name варпаааааааааа: #REF!
Name ввпьььььлднд: #REF!
Name вед: #REF!
Name вертикальная: #REF!
Name вертикплан: #REF!
Name волен: #REF!
Name вп: #REF!
Name впырпфдыпл: #REF!
Name впьглорьтитттттттттт: #REF!
Name всввввввввввввввввввввввввв: #REF!
Name выб: #REF!
Name выпуск: #REF!
Name выьлепвввввпмп: #REF!
Name еваопродолжэрщэрзшщщх: #REF!
Name измен: #REF!
Name итого: #REF!
Name итого_сантех: #REF!
Name итого_стр: #REF!
Name итого_строит: #REF!
Name итого_технол: #REF!
Name итого_электр: #REF!
Name квота: #REF!
Name кккккккккк: #REF!
Name корек: #REF!
Name корект: #REF!
Name корректир: #REF!
Name лен: #REF!
Name лот: #REF!
Name мамиааааааааааааааааааааааааааааа: #REF!
Name ммпоослччччччччччрччапппппппппр: #REF!
Name мрол: #REF!
Name оз: #REF!
Name озелен: #REF!
Name озеленение: #REF!
Name озеленение2: #REF!
Name ОСР: #REF!
Name ОСР110: #REF!
Name ОСР111: #REF!
Name план: #REF!
Name планировка: #REF!
Name плдщхэж.юрббдлююбо: #REF!
Name площадки: #REF!
Name пос: #REF!
Name прав: #REF!

Sheet 25144
A1: СОГЛАСОВАНО: | E1: ФГУП "Комбинат "Электрохимприбор" | M1: УТВЕРЖДАЮ:
G2: (наименование стройки) | M2: Зам. генерального директора
M3: Е.В.Гордеев
A4: _________________ | M4: _________________
A5: " _____ " ________________ 2013 г. | M5: "______ " __________2013 г.
G6: ЛОКАЛЬНЫЙ СМЕТНЫЙ РАСЧЕТ № 25144
G7: (локальная смета)
C9: на | D9: монтажные работы по реконструкции электрического освещения вентиляционных камер.
E10: Площадка 1. Здание 311 Инв.№ 8512331
H11: (наименование работ и затрат, наименование объекта)
D13: Основание: проект № 24770-13-ЭМО
D14: Сметная стоимость монтажных работ _______________________________________________________________________________________________ | J14: ___________________________9,657 | L14: тыс. руб.
D15: Средства на оплату труда _______________________________________________________________________________________________ | J15: ___________________________1,299 | L15: тыс. руб.
D16: Сметная трудоемкость _______________________________________________________________________________________________ | J16: _______________________________________________________________________________________________70,62 | L16: чел.час
D17: Материалы ______________________________________ | K17: =J62/1000 -> 5.471 | L17: тыс.руб.
D18: Составлен(а) в базовых ценах 2001г. в редакции 2009г.
A20: № пп | B20: Обоснование | C20: Наименование | D20: Ед. изм. | E20: Кол. | F20: Стоимость единицы, руб. | J20: Общая стоимость, руб. | N20: Т/з осн. раб.на ед. | O20: Т/з осн. раб. Всего | P20: Т/з мех. на ед. | Q20: Т/з мех. Всего
F21: Всего | G21: В том числе | J21: Всего | K21: В том числе
G22: Осн.З/п | H22: Эк.Маш | I22: З/пМех | K22: Осн.З/п | L22: Эк.Маш | M22: З/пМех
A23: 1 | B23: 2 | C23: 3 | D23: 4 | E23: 5 | F23: 6 | G23: 7 | H23: 8 | I23: 9 | J23: 10 | K23: 11 | L23: 12 | M23: 13 | N23: 14 | O23: 15 | P23: 16 | Q23: 17
A24: 1 | B24: Цена поставщика | C24: Щиток гаражный без зарядного устройства и счетчика | D24: шт. | E24: 1 | F24: 31,26 205,10/1,18/5,56 | J24: 31
A25: 2 | B25: ТЕРм08-03-599-10 | C25: Щитки осветительные, устанавливаемые на стене распорными дюбелями, масса щитка до 15 кг | D25: 1 шт. | E25: 1 | F25: 128.26 | G25: 58.25 | H25: 7.85 | I25: 0.36 | J25: 128 | K25: 58 | L25: 8 | N25: 4.17 | O25: 4.17 | P25: 0.02 | Q25: 0.02
A26: 3 | B26: Цена поставщика | C26: ВС20-1-0-ГБ выкл 1кл о/у IP44 (цвет клавиши: белый) ГЕРМЕС (цвет клавиши: белый) EVM10-K01-10-44-EC | D26: шт. | E26: 2 | F26: 19,43 127,48/1,18/5,56 | J26: 39
A27: 4 | B27: ТЕРм08-03-591-01 | C27: Выключатель одноклавишный неутопленного типа при открытой проводке | D27: 100 шт. | E27: 0.02 | F27: 758.17 | G27: 551.82 | H27: 27.07 | I27: 0.55 | J27: 15 | K27: 11 | L27: 1 | N27: 39.5 | O27: 0.79 | P27: 0.03
A28: 5 | B28: ТСЦ-509-5004 | C28: Пакетные переключатели и переключатели открытые со степенью защиты IP00 ПВ3-16 М3 | D28: шт. | E28: 2 | F28: 28.35 | J28: 57
A29: 6 | B29: ТЕРм08-03-525-01 | C29: Выключатель или переключатель пакетный в металлической оболочке, устанавливаемый на конструкции на стене или колонне, с количеством зажимов для подключения до 9 на ток до 25 А | D29: 1 шт. | E29: 2 | F29: 140.25 | G29: 28.32 | H29: 1.28 | J29: 281 | K29: 57 | L29: 3 | N29: 2.09 | O29: 4.18
A30: 7 | B30: Цена поставщика | C30: Светильник Arctic 136 (SAN/SMC) HF 1069002090 | D30: шт. | E30: 8 | F30: 230,04 1199,82/1,18/4.42 | J30: 1840
A31: 8 | B31: ТЕРм08-03-593-17 | C31: Кронштейны со светильниками по стенам и потолкам | D31: 100 шт. | E31: 0.08 | F31: 11897.99 | G31: 1592.58 | H31: 1360.04 | I31: 529.49 | J31: 952 | K31: 127 | L31: 109 | M31: 42 | N31: 114 | O31: 9.12 | P31: 33.79 | Q31: 2.7
A32: 9 | B32: ТСЦ-509-0696 | C32: Лампы люминесцентные | D32: 10 шт. | E32: 1.2 | F32: 113.9 | J32: 137
A33: 10 | B33: Цена поставщика | C33: Кронштейн телескопический NBS 50-60 2415000310 | D33: шт. | E33: 16 | F33: 30,69 160,07/1,18/4.42 | J33: 491
A34: 11 | B34: Цена поставщика | C34: Светильник НПП2602А белый/круг без решетки пластик 60Вт IP54ИЭК LNPP0-2602A-1-060-K01 | D34: шт. | E34: 2 | F34: 31,26 205,10/1,18/5,56 | J34: 63
A35: 12 | B35: ТЕРм08-03-593-06 | C35: Светильник потолочный или настенный с креплением винтами или болтами для помещений с нормальными условиями среды, одноламповый | D35: 100 шт. | E35: 0.02 | F35: 5292.51 | G35: 1233.55 | H35: 1915.67 | I35: 687.03 | J35: 106 | K35: 25 | L35: 38 | M35: 14 | N35: 88.3 | O35: 1.77 | P35: 43.76 | Q35: 0.88
A36: 13 | B36: ТСЦ-509-0734 | C36: Лампы накаливания газопольные в прозрачной колбе МО 24-60 | D36: 10 шт. | E36: 0.2 | F36: 30.49 | J36: 6
A37: 14 | B37: ФЕРм08-02-390-01 | C37: Короба пластмассовые: шириной до 40 мм КОЭФ. К ПОЗИЦИИ: Приведение расценок ФЕР к территориальному уровню (Письмо УРЦЦС Ц-297 от 12.04.2011) ОЗП=1,41; ЭМ=1,242; ЗПМ=1,41; МАТ=1,052 | D37: 100 м | E37: 0.4 | F37: 311.4 | G37: 218.44 | H37: 38.75 | I37: 0.17 | J37: 125 | K37: 87 | L37: 16 | N37: 16.29 | O37: 6.52 | P37: 0.01
A38: 15 | B38: Цена поставщика | C38: Кабель-канал 25х16 "ЭЛЕКОР" CKK10-025-016-1-K01 | D38: м | E38: 40 | F38: 3,99 26,15/1.18/5.56 | J38: 160
A39: 16 | B39: Цена поставщика | C39: Коробка КМ41234 распаячная для о/п 100х100х50мм IP55 (RAL7035, 6 гермовводов) UKO11-100-100-050-K41-55 | D39: шт. | E39: 5 | F39: 8,57 56,24/1.18/5.56 | J39: 43
A40: 17 | B40: Цена поставщика | C40: Зажим винтовой ЗВИ-5 1,5-4мм2 12пар ИЭК UZV3-005-04 | D40: шт. | E40: 5 | F40: 3,31 21,70/1.18/5.56 | J40: 17
A41: 18 | B41: ТЕРм08-02-472-10 | C41: Проводник заземляющий из медного изолированного провода сечением 25 мм2 открыто по строительным основаниям | D41: 100 м | E41: 0.04 | F41: 4732.43 | G41: 617.45 | H41: 45.38 | I41: 0.55 | J41: 189 | K41: 25 | L41: 2 | N41: 46.6 | O41: 1.86 | P41: 0.03
A42: 19 | B42: ТСЦ-502-0499 | C42: Провода силовые для электрических установок на напряжение до 450 В с медной жилой марки ПВ1, сечением 4 мм2 | D42: 1000 м | E42: 0.04 | F42: 3390 | J42: 136
A43: 20 | B43: ФССЦ-501-8443 | C43: Кабель силовой с медными жилами с поливинилхлоридной изоляцией и оболочкой, не распространяющий горение марки ВВГнг, напряжением 0,66 кВ, с числом жил - 3 и сечением 2,5 мм2 КОЭФ. К ПОЗИЦИИ: Приведение расценок ФЕР к территориальному уровню (Письмо УРЦЦС Ц-297 от 12.04.2011) ОЗП=1,41; ЭМ=1,242; ЗПМ=1,41; МАТ=1,052 | D43: 1000 м | E43: 0.0408 | F43: 5064.35 | J43: 207
A44: 21 | B44: ФССЦ-501-8442 | C44: Кабель силовой с медными жилами с поливинилхлоридной изоляцией и оболочкой, не распространяющий горение марки ВВГнг, напряжением 0,66 кВ, с числом жил - 3 и сечением 1,5 мм2 КОЭФ. К ПОЗИЦИИ: Приведение расценок ФЕР к территориальному уровню (Письмо УРЦЦС Ц-297 от 12.04.2011) ОЗП=1,41; ЭМ=1,242; ЗПМ=1,41; МАТ=1,052 | D44: 1000 м | E44: 0.0408 | F44: 3194.61 | J44: 130
A45: 22 | B45: ТЕРм08-02-401-01 | C45: Кабель двух-четырехжильный сечением жилы до 16 мм2 с креплением накладными скобами, полосками с установкой ответвительных коробок КОЭФ. К ПОЗИЦИИ: 1.8.3.ОП При производстве работ на высоте свыше расстояний, указанных в вводных указаниях к разделам сборника: при высоте свыше 2 до 8 м ОЗП=1,05; ТЗ=1,05 | D45: 100 м | E45: 0.3 | F45: 4067.05 | G45: 717.89 | H45: 957.86 | I45: 390.47 | J45: 1220 | K45: 215 | L45: 287 | M45: 117 | N45: 54.18 | O45: 16.25 | P45: 24.95 | Q45: 7.49
A46: 23 | B46: ТЕРм08-02-402-01 | C46: Кабель двух-четырехжильный по установленным конструкциям и лоткам с установкой ответвительных коробок в помещениях с нормальной средой сечением жилы до 10 мм2 | D46: 100 м | E46: 0.5 | F46: 1131.61 | G46: 202.73 | H46: 704.04 | I46: 87.33 | J46: 566 | K46: 101 | L46: 352 | M46: 44 | N46: 15.3 | O46: 7.65 | P46: 5.28 | Q46: 2.64
A47: Итого прямые затраты по смете в ценах 2001г. | J47: 6939 | K47: 706 | L47: 816 | M47: 217 | O47: 52.31 | Q47: 13.73
A48: Итого прямые затраты по смете с учетом коэффициентов к итогам | J48: 7579 | K48: 994 | L48: 1114 | M48: 305 | O48: 70.62 | Q48: 18.54
A49: В том числе, справочно:
A50: Районный к-т 4,3% (Поз. 2, 4, 6, 8, 12, 14, 18, 22-23) | J50: 39 | K50: 30 | L50: 9 | M50: 9
A51: Заготовительно-складские расходы на материалы - согласно п.4.64 из МДС 81-35.2004 МАТ=1,02 (Поз. 1, 3, 7, 10-11, 15-17) | J51: 54
A52: 2. Производство монтажных работ в существующих зданиях и сооружениях в стесненных условиях ОЗП=1,35; ЭМ=1,35; ЗПМ=1,35; ТЗ=1,35; ТЗМ=1,35 (Поз. 2, 4, 6, 8, 12, 14, 18, 22-23) | J52: 547 | K52: 258 | L52: 289 | M52: 79 | O52: 18.3085 | Q52: 4.8055
A53: Накладные расходы | J53: 1234
A54: В том числе, справочно:
A55: 95% ФОТ (от 1299) (Поз. 2, 4, 6, 8, 12, 14, 18, 22-23) | J55: 1234
A56: Сметная прибыль | J56: 844
A57: В том числе, справочно:
A58: 65% ФОТ (от 1299) (Поз. 2, 4, 6, 8, 12, 14, 18, 22-23) | J58: 844
A59: Итоги по смете:
A60: Итого | J60: 9657 | O60: 70.62 | Q60: 18.54
A61: В том числе:
A62: Материалы | J62: 5471
A63: Машины и механизмы | J63: =1114-M48 -> 809
A64: ФОТ | J64: 1299
A65: Накладные расходы | J65: 1234
A66: Сметная прибыль | J66: 844
A67: ВСЕГО по смете | J67: =SUM(J62:J66) -> 9657 | O67: 70.62 | Q67: 18.54
B69: Начальник отд. 078 _________________________ Т.М.Ковязина | I69: Составил инженер-сметчик __________________ В.В.Воронкова
I70: 18.11.13 г.

Sheet 25174
A1: СОГЛАСОВАНО: | E1: ФГУП "Комбинат "Электрохимприбор" | M1: УТВЕРЖДАЮ:
G2: (наименование стройки) | M2: Зам.генерального директора
A3: _________________ | N3: Е.В. Гордеев
A4: " _____ " ________________ 2014 г. | M4: __________________
M5: "______ " __________2014 г.
G7: ЛОКАЛЬНЫЙ СМЕТНЫЙ РАСЧЕТ № 25174
G8: (локальная смета)
C10: на | D10: дополнительные работы по реконструкции вентиляционных камер ж/д тамбура
D11: здания 311 отдел 015 (инв.№8512331)
G12: (наименование работ и затрат, наименование объекта)
D14: Основание: Тех. решение №072-15/4212 от 19.11.2013г.
D15: Сметная стоимость _______________________________________________________________________________________________ | J15: ___________________________194,817 | L15: тыс. руб.
D16: строительных работ _______________________________________________________________________________________________ | J16: _______________________________________________________________________________________________76,453 | L16: тыс. руб.
D17: монтажных работ _______________________________________________________________________________________________ | J17: _______________________________________________________________________________________________58,114 | L17: тыс. руб.
D18: оборудования _______________________________________________________________________________________________ | J18: _______________________________________________________________________________________________60,250 | L18: тыс. руб.
D19: Средства на оплату труда _______________________________________________________________________________________________ | J19: ___________________________12,060 | L19: тыс. руб.
D20: Сметная трудоемкость _______________________________________________________________________________________________ | J20: _______________________________________________________________________________________________819,81 | L20: чел.час
D21: Составлен(а) в базовых ценах 2001г. в редакции 2009г.
A24: № пп | B24: Обоснова-ние | C24: Наименование | D24: Ед. изм. | E24: Кол. | F24: Стоимость единицы, руб. | J24: Общая стоимость, руб. | O24: Т/з осн. раб.на ед. | P24: Т/з осн. раб. Всего
F25: Всего | G25: В том числе | J25: Обору-дование | K25: Всего | L25: В том числе
G26: Осн.З/п | H26: Эк.Маш | I26: З/пМех | L26: Осн.З/п | M26: Эк.Маш | N26: З/пМех
A27: 1 | B27: 2 | C27: 3 | D27: 4 | E27: 5 | F27: 6 | G27: 7 | H27: 8 | I27: 9 | J27: 10 | K27: 11 | L27: 12 | M27: 13 | N27: 14 | O27: 15 | P27: 16
A28: Раздел 1. Разборка конструкций
A29: 1 | B29: ТЕР09-06-001-02 | C29: Разборка металлических конструкций в вент. камерах и на вент. установках КОЭФ. К ПОЗИЦИИ: Демонтаж (разборка) металлических конструкций ОЗП=0,7; ЭМ=0,7 к расх.; ЗПМ=0,7; МАТ=0 к расх.; ТЗ=0,7; ТЗМ=0,7 | D29: 1 т | E29: 0.015 | F29: 533.68 | G29: 426.99 | H29: 106.69 | I29: 1.53 | K29: 8 | L29: 6 | M29: 2 | O29: 35.55 | P29: 0.53
A30: 2 | B30: ТЕРр65-1-2 | C30: Разборка трубопроводов из водогазопроводных труб диаметром до 63 мм | D30: 100 м | E30: 1.5 | F30: 831.21 | G30: 698.15 | H30: 13.92 | I30: 2.66 | K30: 1247 | L30: 1047 | M30: 21 | N30: 4 | O30: 59.62 | P30: 89.43
A31: 3 | B31: ТЕР26-01-009-01 | C31: Разборка изоляции трубопроводов КОЭФ. К ПОЗИЦИИ: Демонтаж (разборка) внутренних санитарно-технических устройств (водопровода, газопровода, канализации, водостоков, отопления, вентиляции) ОЗП=0,4; ЭМ=0,4 к расх.; ЗПМ=0,4; МАТ=0 к расх.; ТЗ=0,4; ТЗМ=0,4 | D31: 1 м3 | E31: 1.25 | F31: 132.32 | G31: 103.75 | H31: 28.57 | K31: 165 | L31: 130 | M31: 35 | O31: 7.54 | P31: 9.43
A32: 4 | B32: ТЕРр65-19-2 | C32: Снятие радиаторов весом до 160 кг | D32: 100 шт. | E32: 0.03 | F32: 1906.17 | G32: 1752.22 | H32: 153.95 | I32: 59.67 | K32: 57 | L32: 53 | M32: 4 | N32: 2 | O32: 158 | P32: 4.74
A33: 5 | B33: ТЕР46-03-007-02 | C33: Пробивка проемов в конструкциях из бетона(под трубу канализации в перекрытии т=220мм, d отв=20см | D33: 1 м3 | E33: 0.1 | F33: 2276.49 | G33: 348.71 | H33: 1927.78 | I33: 178.54 | K33: 228 | L33: 35 | M33: 193 | N33: 18 | O33: 27.61 | P33: 2.76
A34: 6 | B34: ФССЦпг01-01-01-041 | C34: Погрузочные работы при автомобильных перевозках: Мусор строительный с погрузкой вручную КОЭФ. К ПОЗИЦИИ: п.1.1.9 ОП Прил.1. Поясной коэффициент: Свердловская область ПЗ=1,1 (ОЗП=1,1; ЭМ=1,1; ЗПМ=1,1; МАТ=1,1); Коэффициент техн.часть п.3 ПЗ=1,025 (ОЗП=1,025; ЭМ=1,025 к расх.; ЗПМ=1,025; МАТ=1,025 к расх.; ТЗ=1,025; ТЗМ=1,025) | D34: 1 т груза | E34: 1.5 | F34: 48.46 | G34: 48.46 | K34: 73 | L34: 73
A35: 7 | B35: СЦП3-3-5-1 | C35: Перевозка грузов автомобилями-самосвалами (работающими вне карьеров): расстояние 5 км, класс груза I КОЭФ. К ПОЗИЦИИ: 17 При перевозке грузов к провозной плате (тарифам) применять поправочный коэффициент ПЗ=1,37 (ОЗП=1,37; ЭМ=1,37 к расх.; ЗПМ=1,37; МАТ=1,37 к расх.; ТЗ=1,37; ТЗМ=1,37) | D35: т | E35: 1.5 | F35: 10.58 | H35: 10.58 | K35: 16 | M35: 16
A36: Итого прямые затраты по разделу в ценах 2001г. | K36: 1794 | L36: 1344 | M36: 271 | N36: 24 | P36: 106.89
A37: Итого прямые затраты по разделу с учетом коэффициентов к итогам (Районный к-т 4,3% (Поз. 2, 4, 3, 5-7)) | K37: 1853 | L37: 1402 | M37: 272 | N37: 25 | P37: 106.89
A38: Накладные расходы | K38: 1056
A39: Сметная прибыль | K39: 716
A40: Итого по разделу 1 Разборка конструкций | K40: 3625 | P40: 106.89
A41: Раздел 2. Cтены
A42: 8 | B42: ТЕРр53-20-4 | C42: Кладка отдельных участков из кирпича внутренних стен (закладка отверстий в камере) | D42: 100 м3 | E42: 0.005 | F42: 73520.24 | G42: 7912.7 | H42: 9982.44 | I42: 709.8 | K42: 368 | L42: 40 | M42: 50 | N42: 4 | O42: 670 | P42: 3.35
A43: 9 | B43: ТЕР07-05-039-04 | C43: Устройство герметизации стеновых панелей пенополистиролом, стык горизонтальный 186,31 = 802,12 - 0,54 x 1 140,38 | D43: 100 м | E43: 0.35 | F43: 186.31 | G43: 50.92 | H43: 135.39 | K43: 65 | L43: 18 | M43: 47 | O43: 4.24 | P43: 1.48
A44: 10 | B44: ТСЦ-101-2388 | C44: Герметик пенополиуретановый (пена монтажная) типа Makrofleks, Soudal в баллонах по 750 мл | D44: шт. | E44: 5 | F44: 68 | K44: 340
A45: 11 | B45: ТЕР15-02-018-02 | C45: Штукатурка внутренних поверхностей наружных стен, цементно-известковым или цементным раствором по камню и бетону, когда остальные поверхности не оштукатуриваются улучшенная | D45: 100 м2 | E45: 0.07 | F45: 3041.26 | G45: 1364.88 | H45: 220.17 | I45: 95.23 | K45: 213 | L45: 96 | M45: 15 | N45: 7 | O45: 103.01 | P45: 7.21
A46: 12 | B46: ТЕРр61-2-7 | C46: Ремонт штукатурки внутренних стен по камню и бетону цементно-известковым раствором, площадью отдельных мест до 1 м2 толщиной слоя до 20 мм | D46: 100 м2 | E46: 0.03 | F46: 4324.05 | G46: 2849.81 | H46: 27 | I46: 10.47 | K46: 130 | L46: 85 | M46: 1 | O46: 228.35 | P46: 6.85
A47: 13 | B47: ТЕРр61-26-1 | C47: Перетирка штукатурки cтер внутренних помещений | D47: 100 м2 | E47: 0.21 | F47: 368.03 | G47: 341.61 | H47: 4.03 | I47: 1.56 | K47: 77 | L47: 72 | M47: 1 | O47: 28.07 | P47: 5.89
A48: 14 | B48: ТЕРр62-16-6 | C48: Окрашивание водоэмульсионными составами поверхностей стен, ранее окрашенных водоэмульсионной краской с расчисткой старой краски более 35% | D48: 100 м2 | E48: 0.24 | F48: 2093.8 | G48: 360.23 | H48: 10.58 | I48: 1.56 | K48: 503 | L48: 86 | M48: 3 | O48: 29.6 | P48: 7.1
A49: Итого прямые затраты по разделу в ценах 2001г. | K49: 1696 | L49: 397 | M49: 117 | N49: 11 | P49: 31.88
A50: Итого прямые затраты по разделу с учетом коэффициентов к итогам | K50: 1791 | L50: 460 | M50: 149 | N50: 15 | P50: 35.18
A51: Накладные расходы | K51: 438
A52: Сметная прибыль | K52: 267
A53: Итого по разделу 2 Cтены | K53: 2496 | P53: 35.18
A54: Раздел 3. Полы
A55: 15 | B55: ТЕРр53-20-4 | C55: Кладка отдельных участков из кирпича (порогов входных дверей) | D55: 100 м3 | E55: 0.01 | F55: 73520.24 | G55: 7912.7 | H55: 9982.44 | I55: 709.8 | K55: 735 | L55: 79 | M55: 100 | N55: 7 | O55: 670 | P55: 6.7
A56: 16 | B56: ТЕР11-01-015-01 | C56: Устройство покрытий бетонных толщиной 30 мм | D56: 100 м2 | E56: 0.45 | F56: 2445.67 | G56: 452.41 | H56: 211.63 | I56: 44.36 | K56: 1101 | L56: 204 | M56: 95 | N56: 20 | O56: 40.43 | P56: 18.19
A57: 17 | B57: ФЕР11-01-011-08 | C57: Устройство стяжек: из выравнивающей смеси типа "Ветонит", толщиной 5 мм 800,01 = 11 043,42 - 0,9 x 11 381,57 КОЭФ. К ПОЗИЦИИ: Приведение расценок ФЕР к территориальному уровню (Письмо УРЦЦС Ц-297 от 12.04.2011) ОЗП=1,41; ЭМ=1,242; ЗПМ=1,41; МАТ=1,052 | D57: 100 м2 | E57: 0.45 | F57: 960.59 | G57: 453.08 | H57: 25.77 | I57: 2.13 | K57: 432 | L57: 204 | M57: 12 | N57: 1 | O57: 37.67 | P57: 16.95
A58: 18 | B58: ФЕР11-01-011-10 | C58: Устройство стяжек: на каждый последующий слой толщиной 1 мм добавлять к расценке 11-01-011-08 23,14 = 2 071,82 - 0,18 x 11 381,57 КОЭФ. К ПОЗИЦИИ: поправка на тощ.15мм ПЗ=15 (ОЗП=15; ЭМ=15 к расх.; ЗПМ=15; МАТ=15 к расх.; ТЗ=15; ТЗМ=15); Приведение расценок ФЕР к территориальному уровню (Письмо УРЦЦС Ц-297 от 12.04.2011) ОЗП=1,41; ЭМ=1,242; ЗПМ=1,41; МАТ=1,052 | D58: 100 м2 | E58: 0.45 | F58: 482.88 | G58: 436.54 | H58: 45.08 | I58: 4.86 | K58: 217 | L58: 196 | M58: 20 | N58: 2 | O58: 36.3 | P58: 16.34
A59: 19 | B59: ТСЦ-402-3676 | C59: Смеси сухие для наливных полов, марка «Ветонит» 6000 | D59: т | E59: 1.62 | F59: 7985.75 | K59: 12937
A60: 20 | B60: ТЕР11-01-039-02 | C60: Устройство плинтусов цементных | D60: 100 м | E60: 0.5 | F60: 267.38 | G60: 140.92 | H60: 4.37 | K60: 134 | L60: 70 | M60: 2 | O60: 10.4 | P60: 5.2
A61: 21 | B61: ТЕР15-04-006-03 | C61: Покрытие поверхностей грунтовкой глубокого проникновения: за 1 раз КОЭФ. К ПОЗИЦИИ: Поправка на покрытие за 2 раза ПЗ=2 (ОЗП=2; ЭМ=2 к расх.; ЗПМ=2; МАТ=2 к расх.; ТЗ=2; ТЗМ=2) | D61: 100 м2 | E61: 0.45 | F61: 180.08 | G61: 177.64 | H61: 2.04 | I61: 0.56 | K61: 81 | L61: 80 | M61: 1 | O61: 13.1 | P61: 5.9
A62: 22 | B62: ТСЦ-113-0021 | C62: Грунтовка ГФ-021 красно-коричневая | D62: т | E62: 0.012 | F62: 23800 | K62: 286
A63: Итого прямые затраты по разделу в ценах 2001г. | K63: 15923 | L63: 833 | M63: 230 | N63: 30 | P63: 69.28
A64: Итого прямые затраты по разделу с учетом коэффициентов к итогам | K64: 16323 | L64: 1166 | M64: 297 | N64: 43 | P64: 93.07
A65: Накладные расходы | K65: 1434
A66: Сметная прибыль | K66: 880
A67: Итого по разделу 3 Полы | K67: 18637 | P67: 93.07
A68: Раздел 4. Кровля
A69: 23 | B69: ТЕР07-05-035-05 | C69: Установка вентиляционных блоков массой до 1 т | D69: 100 шт. | E69: 0.01 | F69: 13624.93 | G69: 1998.95 | H69: 11154.74 | I69: 793.16 | K69: 136 | L69: 20 | M69: 112 | N69: 8 | O69: 158.27 | P69: 1.58
A70: 24 | B70: ТСЦ-403-0060 | C70: Вентиляционный блок крышной ВК 13.15.26 /бетон В15 (М200) объем 0,332 м3, расход ар-ры 5,53 кг/ (серия 1.034.1-1/90 вып.1) | D70: шт. | E70: 1 | F70: 539.38 | K70: 539
A71: 25 | B71: ТЕР20-02-013-03 | C71: Установка узлов прохода вытяжных вентиляционных шахт диаметром патрубка до 560 мм | D71: 10 узлов | E71: 0.1 | F71: 573.49 | G71: 437.28 | H71: 12.96 | K71: 57 | L71: 44 | M71: 1 | O71: 36.41 | P71: 3.64
A72: 26 | B72: ТСЦ-301-3116 | C72: Узлы прохода вытяжных вентиляционных шахт из листовой и сортовой стали с неутепленным клапаном и кольцом для сбора конденсата диаметром патрубка до 560 мм | D72: шт. | E72: 1 | F72: 1603.52 | K72: 1604
A73: 27 | B73: ТЕР12-01-004-03 | C73: Устройство примыканий рулонных и мастичных кровель к стенам и парапетам высотой более 600 мм с двумя фартуками | D73: 100 м | E73: 0.26 | F73: 15147.8 | G73: 802.93 | H73: 276.94 | I73: 7.46 | K73: 3938 | L73: 209 | M73: 72 | N73: 2 | O73: 62.05 | P73: 16.13
A74: Итого прямые затраты по разделу в ценах 2001г. | K74: 6274 | L74: 273 | M74: 185 | N74: 10 | P74: 21.35
A75: Итого прямые затраты по разделу с учетом коэффициентов к итогам | K75: 6487 | L75: 394 | M75: 277 | N75: 16 | P75: 29.47
A76: Накладные расходы | K76: 512
A77: Сметная прибыль | K77: 292
A78: Итого по разделу 4 Кровля | K78: 7291 | P78: 29.47
A79: Раздел 5. Лестницы
A80: 28 | B80: ТЕР09-03-029-01 | C80: Монтаж лестниц прямолинейных и криволинейных, пожарных с ограждением | D80: 1 т конструкций | E80: 0.141 | F80: 1387.54 | G80: 428.9 | H80: 850.09 | I80: 102.76 | K80: 196 | L80: 60 | M80: 120 | N80: 14 | O80: 32.37 | P80: 4.56
A81: 29 | B81: ТСЦ-201-0778 | C81: Прочие индивидуальные сварные конструкции, масса сборочной единицы до 0,1 т (пластины разм 500х300 ст.лист т=6мм) | D81: т | E81: 0.141 | F81: 13506.5 | K81: 1904
A82: 30 | B82: ТСЦ-101-1405 Прим. | C82: Шпильки оцинкованные стяжные диаметром 18 мм длиной 650 мм | D82: т | E82: 0.013 | F82: 12192 | K82: 158
A83: 31 | B83: ТЕР09-03-029-01 | C83: Устройство ограждения лестницы | D83: 1 т | E83: 0.2 | F83: 1387.54 | G83: 428.9 | H83: 850.09 | I83: 102.76 | K83: 278 | L83: 86 | M83: 170 | N83: 21 | O83: 32.37 | P83: 6.47
A84: 32 | B84: ТСЦ-201-0843 | C84: Конструкции стальные индивидуальные решетчатые сварные массой до 0,1 т | D84: т | E84: 0.2 | F84: 16144.61 | K84: 3229
A85: 33 | B85: ТСЦ-101-1714 | C85: Болты с гайками и шайбами строительные | D85: т | E85: 0.01 | F85: 16800 | K85: 168
A86: 34 | B86: ТЕР13-03-002-04 | C86: Огрунтовка металлических поверхностей за один раз грунтовкой ГФ-021 КОЭФ. К ПОЗИЦИИ: Поправка за 2 раза ПЗ=2 (ОЗП=2; ЭМ=2 к расх.; ЗПМ=2; МАТ=2 к расх.; ТЗ=2; ТЗМ=2) | D86: 100 м2 | E86: 0.48 | F86: 834.92 | G86: 159.3 | H86: 20.3 | I86: 0.32 | K86: 401 | L86: 76 | M86: 10 | O86: 10.62 | P86: 5.1
A87: 35 | B87: ТЕРр62-35-2 | C87: Окраска масляными составами ранее окрашенных металлических решеток и оград без рельефа за 2 раза (лестница, ведущая в вентиляционную камеру) | D87: 100 м2 | E87: 0.48 | F87: 1358.16 | G87: 982.48 | H87: 1.09 | K87: 652 | L87: 472 | M87: 1 | O87: 80.73 | P87: 38.75
A88: Итого прямые затраты по разделу в ценах 2001г. | K88: 6986 | L88: 694 | M88: 301 | N88: 35 | P88: 54.88
A89: Итого прямые затраты по разделу с учетом коэффициентов к итогам | K89: 7257 | L89: 811 | M89: 455 | N89: 55 | P89: 61.01
A90: Накладные расходы | K90: 731
A91: Сметная прибыль | K91: 547
A92: Итого по разделу 5 Лестницы | K92: 8535 | P92: 61.01
A93: Раздел 6. Устройство вентиляции
A94: 36 | B94: ТЕР20-01-001-07 Прим. | C94: Прокладка воздуховодов из листовой, оцинкованной стали и алюминия класса Н (нормальные) толщиной 0,7 мм, диаметром 500мм (без стоимости воздуховода) | D94: 100 м2 | E94: 0.32 | F94: 2280.79 | G94: 1638.31 | H94: 147.6 | I94: 4.91 | K94: 730 | L94: 524 | M94: 47 | N94: 2 | O94: 132.98 | P94: 42.55
A95: 37 | B95: ТСЦ-301-0475 | C95: Крепления для воздуховодов подвески СТД6208, СТД6209, СТД6210 | D95: т | E95: 0.021 | F95: 8739.36 | K95: 184
A96: 38 | B96: ТЕР20-01-001-01 | C96: Прокладка воздуховодов из листовой, оцинкованной стали и алюминия класса Н (нормальные) толщиной 0,5 мм, диаметром до 200 мм (воздушная приточно-вытяжная вентиляция в венткамере и транзитные воздуховоды) | D96: 100 м2 | E96: 0.057 | F96: 2810.67 | G96: 2068.04 | H96: 170.31 | I96: 9.46 | K96: 160 | L96: 118 | M96: 10 | N96: 1 | O96: 167.86 | P96: 9.57
A97: 39 | B97: ТСЦ-301-1786 | C97: Воздуховоды из оцинкованной стали толщиной 0,5 мм, диаметром до 200 мм | D97: м2 | E97: 5.7 | F97: 347.48 | K97: 1981
A98: 40 | B98: ТСЦ-301-0475 | C98: Крепления для воздуховодов подвески СТД6208, СТД6209, СТД6210 | D98: т | E98: 0.004 | F98: 8739.36 | K98: 35
A99: 41 | B99: ТЕР13-03-002-04 | C99: Огрунтовка металлических поверхностей за один раз грунтовкой ГФ-021(снаружи и внутри) | D99: 100 м2 | E99: 3.74 | F99: 417.46 | G99: 79.65 | H99: 10.15 | I99: 0.16 | K99: 1561 | L99: 298 | M99: 38 | N99: 1 | O99: 5.31 | P99: 19.86
A100: 42 | B100: ТЕР13-03-004-23 | C100: Окраска металлических огрунтованных поверхностей ( наружная окраска воздуховодов) КОЭФ. К ПОЗИЦИИ: за 2 раза ПЗ=2 (ОЗП=2; ЭМ=2 к расх.; ЗПМ=2; МАТ=2 к расх.; ТЗ=2; ТЗМ=2) | D100: 100 м2 | E100: 1.87 | F100: 777.58 | G100: 73.62 | H100: 26.6 | I100: 0.32 | K100: 1454 | L100: 138 | M100: 50 | N100: 1 | O100: 5.76 | P100: 10.77
A101: 43 | B101: ТЕР13-03-004-23 | C101: Окраска металлических огрунтованных поверхностей (окраска воздуховодов внутри) | D101: 100 м2 | E101: 1.87 | F101: 388.79 | G101: 36.81 | H101: 13.3 | I101: 0.16 | K101: 727 | L101: 69 | M101: 25 | O101: 2.88 | P101: 5.39
A102: 44 | B102: ТЕР26-01-039-01 Прим. | C102: Изоляция воздуховодов d=250-950 насухо 209,40 = 1 892,72 - 1,02 x 1 650,31 | D102: 1 м3 изоляции | E102: 5.55 | F102: 209.4 | G102: 138.49 | H102: 70.91 | K102: 1162 | L102: 769 | M102: 393 | O102: 10.58 | P102: 58.72
A103: 45 | B103: Цена поставщика 2013г. | C103: Маты прошивные теплоизоляционные из базальтового холста МПБ-30/Ф1 c обкладкой фольгой с 1 стороны (1700*470*50) | D103: м3 | E103: 5.7 | F103: 660,59 4334/1,18/5,56 | K103: 3765
A104: 46 | B104: ТЕР20-02-002-02 | C104: Установка решеток жалюзийных площадью в свету до 1,0 м2 ( в узле воздухозабора приточной вентиляции) | D104: 1 решетка | E104: 1 | F104: 36.93 | G104: 22.48 | H104: 4.44 | I104: 0.18 | K104: 37 | L104: 22 | M104: 4 | O104: 1.78 | P104: 1.78
A105: 47 | B105: Цена поставщика 2013г. | C105: АЛЮМИНИЕВЫЕ ВЕНТИЛЯЦИОННЫЕ РЕШЁТКИ размером 1000*1000 | D105: шт | E105: 1 | F105: 1425,13 9350/1,18/5,56 | K105: 1425
...

Sheet 7081
J1: УТВЕРЖДАЮ:
J4: ________________
J5: "______ " _______________2014 г.
E6: ФГУП "Комбинат "Электрохимприбор"
E7: (наименование стройки)
D9: ЛОКАЛЬНЫЙ СМЕТНЫЙ РАСЧЕТ № 7081
D10: (локальная смета)
B12: на | C12: пусконаладочные работы стадия "вхолостую" по вентиляции. Пл. 1. Здание 311 (инв.№ 8512331)
E13: (наименование работ и затрат, наименование объекта)
C15: Основание: р.д. инв.№ 04-00696
C16: Сметная стоимость прочих _______________________________________________________________________________________________ | E16: ___________________________44,278 | G16: тыс. руб.
C17: Средства на оплату труда _______________________________________________________________________________________________ | E17: ___________________________2,061 | G17: тыс. руб.
C18: Сметная трудоемкость _______________________________________________________________________________________________ | E18: _______________________________________________________________________________________________126,4 | G18: чел.час
C19: Составлена в ценах 2001г. с переводом в текущие цены 2014г.
A22: № пп | B22: Обоснование | C22: Наименование | D22: Ед. изм. | E22: Кол. | F22: Стоимость единицы, руб. | J22: Общая стоимость, руб.
F23: Всего | G23: В том числе | J23: Всего | K23: В том числе
G24: Осн.З/п | H24: Эк.Маш. | I24: З/пМех | K24: Осн.З/п | L24: Эк.Маш. | M24: З/пМех
A25: 1 | B25: 2 | C25: 3 | D25: 4 | E25: 5 | F25: 6 | G25: 7 | H25: 8 | I25: 9 | J25: 10 | K25: 11 | L25: 12 | M25: 13
A26: Раздел 1. Приточная вентсистема П-1
A27: 1 | B27: ТЕРп03-01-060-01 | C27: Система кондиционирования воздуха центральная с номинальной подачей по воздуху, тыс.м3/ч, до: 10, при количестве однотипных установок в машинном зале: 1 | D27: 1 установка | E27: 1 | F27: 781.87 | G27: 781.87 | J27: 782 | K27: 782
A28: 2 | B28: ТЕРп03-01-011-05 | C28: Регулировочно-запорное устройство: клапан обратный | D28: 1 устройство | E28: 1 | F28: 53.4 | G28: 53.4 | J28: 53 | K28: 53
A29: 3 | B29: ТЕРп03-01-011-10 | C29: Регулировочно-запорное устройство: гермоклапан с ручным или электрическим приводом | D29: 1 устройство | E29: 5 | F29: 133.49 | G29: 133.49 | J29: 667 | K29: 667
A30: Раздел 2. Вентсистема В-1
A31: 4 | B31: ТЕРп03-01-011-10 | C31: Регулировочно-запорное устройство: гермоклапан с ручным или электрическим приводом | D31: 1 устройство | E31: 2 | F31: 133.49 | G31: 133.49 | J31: 267 | K31: 267
A32: 5 | B32: ТЕРп03-01-011-05 | C32: Регулировочно-запорное устройство: клапан обратный | D32: 1 устройство | E32: 3 | F32: 53.4 | G32: 53.4 | J32: 160 | K32: 160
A33: 6 | B33: ТЕРп03-01-002-14 | C33: Вентилятор радиальный (центробежный), диаметральный или крышный, №: до 10 | D33: 1 устройство | E33: 2 | F33: 130.03 | G33: 130.03 | J33: 260 | K33: 260
A34: 7 | B34: ТЕРп03-01-001-01 | C34: Шахта вытяжная (дефлектор) | D34: 1 устройство | E34: 8 | F34: 25.83 | G34: 25.83 | J34: 207 | K34: 207
A35: Итого прямые затраты по смете в ценах 2001г. | J35: 2396 | K35: 2396
A36: Итого прямые затраты по смете с учетом коэффициентов к итогам | J36: 2061 | K36: 2061
A37: В том числе, справочно:
A38: Районный к-т 4,3% (Поз. 1-7) | J38: 103 | K38: 103
A39: Стадия "вхолостую" ПЗ=0,75 (ОЗП=0,75; ЭМ=0,75; ЗПМ=0,75; МАТ=0,75) (Поз. 1-7) | J39: -625 | K39: -625
A40: Условия производства работ ПЗ=1,1 (ОЗП=1,1; ЭМ=1,1; ЗПМ=1,1; МАТ=1,1) (Поз. 1-7) | J40: 187 | K40: 187
A41: Накладные расходы | J41: 1340
A42: В том числе, справочно:
A43: 65% ФОТ (от 2061) (Поз. 1-7) | J43: 1340
A44: Сметная прибыль | J44: 824
A45: В том числе, справочно:
A46: 40% ФОТ (от 2061) (Поз. 1-7) | J46: 824
A47: Итоги по смете:
A48: Итого | J48: 4225
A49: В том числе:
A50: ФОТ | J50: 2061
A51: Накладные расходы | J51: 1340
A52: Сметная прибыль | J52: 824
A53: Перевод в текущие 4 225 * 10,48 | J53: 44278
A54: ВСЕГО по смете | J54: 44278
A58: Составил: ___________________________________________Гром В.В.
A59: (должность, подпись, расшифровка)
A61: Проверил: ___________________________________________/_______________/
A62: (должность, подпись, расшифровка)

Sheet 7082
J1: УТВЕРЖДАЮ:
J4: ________________
J5: "______ " _______________2014 г.
E6: ФГУП "Комбинат "Электрохимприбор"
E7: (наименование стройки)
D9: ЛОКАЛЬНЫЙ СМЕТНЫЙ РАСЧЕТ № 7082
D10: (локальная смета)
B12: на | C12: пусконаладочные работы стадия "вхолостую" на электрооборудование. Пл.1. Зд.311 (инв.№ 8512331)
E13: (наименование работ и затрат, наименование объекта)
C15: Основание: р.д. инв.№ 05-02795; 04-05481
C16: Сметная стоимость прочих _______________________________________________________________________________________________ | E16: ___________________________453,700 | G16: тыс. руб.
C17: Средства на оплату труда _______________________________________________________________________________________________ | E17: ___________________________21,118 | G17: тыс. руб.
C18: Сметная трудоемкость _______________________________________________________________________________________________ | E18: _______________________________________________________________________________________________1338,6 | G18: чел.час
C19: Составлена в ценах 2001г. с переводом в текущие цены 2014г.
A22: № пп | B22: Обоснование | C22: Наименование | D22: Ед. изм. | E22: Кол. | F22: Стоимость единицы, руб. | J22: Общая стоимость, руб.
F23: Всего | G23: В том числе | J23: Всего | K23: В том числе
G24: Осн.З/п | H24: Эк.Маш. | I24: З/пМех | K24: Осн.З/п | L24: Эк.Маш. | M24: З/пМех
A25: 1 | B25: 2 | C25: 3 | D25: 4 | E25: 5 | F25: 6 | G25: 7 | H25: 8 | I25: 9 | J25: 10 | K25: 11 | L25: 12 | M25: 13
A26: Раздел 1. Силовое электрооборудование
A27: 1 | B27: ТЕРп01-03-001-01 | C27: Выключатель однополюсный напряжением до 1 кВ с электромагнитным, тепловым или комбинированным расцепителем | D27: шт. | E27: 76 | F27: 19.9 | G27: 19.9 | J27: 1512 | K27: 1512
A28: 2 | B28: ТЕРп01-03-002-04 | C28: Выключатель трехполюсный напряжением до 1 кВ с электромагнитным, тепловым или комбинированным расцепителем, номинальный ток, А, до: 50 | D28: шт. | E28: 30 | F28: 26.53 | G28: 26.53 | J28: 796 | K28: 796
A29: 74 | B29: ТЕРп01-03-001-02 | C29: Выключатель однополюсный напряжением до 1 кВ: с устройством защитного отключения | D29: шт. | E29: 7 | F29: 26.53 | G29: 26.53 | J29: 186 | K29: 186
A30: 3 | B30: ТЕРп01-03-002-05 | C30: Выключатель трехполюсный напряжением до 1 кВ с электромагнитным, тепловым или комбинированным расцепителем, номинальный ток, А, до: 200 | D30: шт. | E30: 2 | F30: 39.8 | G30: 39.8 | J30: 80 | K30: 80
A31: 4 | B31: ТЕРп01-11-010-01 | C31: Измерение сопротивления растеканию тока заземлителя | D31: 1 измерение | E31: 4 | F31: 23.54 | G31: 23.54 | J31: 94 | K31: 94
A32: 5 | B32: ТЕРп01-11-011-01 | C32: Проверка наличия цепи между заземлителями и заземленными элементами | D32: 100 точек | E32: 3.36 | F32: 251.12 | G32: 251.12 | J32: 844 | K32: 844
A33: 6 | B33: ТЕРп01-11-013-01 | C33: Замер полного сопротивления цепи "фаза-нуль" | D33: 1 токоприемник | E33: 76 | F33: 23.54 | G33: 23.54 | J33: 1789 | K33: 1789
A34: 7 | B34: ТЕРп01-11-024-01 | C34: Фазировка электрической линии или трансформатора с сетью напряжением, кВ до 1 | D34: 1 фазировка | E34: 2 | F34: 15.7 | G34: 15.7 | J34: 31 | K34: 31
A35: 8 | B35: ТЕРп01-11-028-01 | C35: Измерение сопротивления изоляции мегаомметром кабельных и других линий напряжением до 1 кВ, предназначенных для передачи электроэнергии к распределительным устройствам, щитам, шкафам, коммутационным аппаратам и электропотребителям | D35: 1 линия | E35: 116 | F35: 6.28 | G35: 6.28 | J35: 728 | K35: 728
A36: Раздел 2. Приточная вентсистема.
A37: 9 | B37: ТЕРп01-04-002-01 | C37: Тепловая защита с реле одним | D37: компл. | E37: 2 | F37: 53.49 | G37: 53.49 | J37: 107 | K37: 107
A38: 10 | B38: ТЕРп01-07-001-01 | C38: Электродвигатель асинхронный с короткозамкнутым ротором, напряжением, кВ до 1 | D38: шт. | E38: 2 | F38: 47.71 | G38: 47.71 | J38: 95 | K38: 95
A39: 11 | B39: ТЕРп01-07-004-01 | C39: Электродвигатель напряжением до 1 кВ переменного тока: однофазный | D39: шт. | E39: 2 | F39: 31.81 | G39: 31.81 | J39: 64 | K39: 64
A40: 12 | B40: ТЕРп01-09-001-01 | C40: Датчик контактный механический с числом цепей управления до 2 | D40: шт. | E40: 4 | F40: 37.68 | G40: 37.68 | J40: 151 | K40: 151
A41: 13 | B41: ТЕРп01-09-002-01 | C41: Датчик бесконтактный с числом "вход-выход" до 3 | D41: шт. | E41: 2 | F41: 150.72 | G41: 150.72 | J41: 301 | K41: 301
A42: 14 | B42: ТЕРп01-09-010-03 | C42: Функциональная группа управления релейно-контакторная с общим числом внешних блокировочных связей до 10 | D42: шт. | E42: 2 | F42: 250.43 | G42: 250.43 | J42: 501 | K42: 501
A43: 15 | B43: ТЕРп01-09-013-01 | C43: Контур регулирования параметров 1: с числом органов настройки до 5 | D43: шт. | E43: 1 | F43: 1460.62 | G43: 1460.62 | J43: 1461 | K43: 1461
A44: 16 | B44: ТЕРп01-11-011-01 | C44: Проверка наличия цепи между заземлителями и заземленными элементами | D44: 100 точек | E44: 0.04 | F44: 251.12 | G44: 251.12 | J44: 10 | K44: 10
A45: 17 | B45: ТЕРп01-11-013-01 | C45: Замер полного сопротивления цепи "фаза-нуль" | D45: 1 токоприемник | E45: 2 | F45: 23.54 | G45: 23.54 | J45: 47 | K45: 47
A46: 18 | B46: ТЕРп01-11-028-01 | C46: Измерение сопротивления изоляции мегаомметром кабельных и других линий напряжением до 1 кВ, предназначенных для передачи электроэнергии к распределительным устройствам, щитам, шкафам, коммутационным аппаратам и электропотребителям | D46: 1 линия | E46: 2 | F46: 6.28 | G46: 6.28 | J46: 13 | K46: 13
A47: 19 | B47: ТЕРп01-11-028-02 | C47: Измерение сопротивления изоляции мегаомметром обмоток машин и аппаратов | D47: 1 измерение | E47: 2 | F47: 1.57 | G47: 1.57 | J47: 3 | K47: 3
A48: 20 | B48: ТЕРп01-12-029-01 | C48: Испытания цепи вторичной коммутации | D48: 1 испытание | E48: 2 | F48: 33.88 | G48: 33.88 | J48: 68 | K48: 68
A49: 21 | B49: ТЕРп01-13-001-02 | C49: Присоединение с количеством взаимосвязанных устройств до 5 шт. | D49: 1 присоединение | E49: 1 | F49: 1033.25 | G49: 1033.25 | J49: 1033 | K49: 1033
A50: Раздел 3. Вытяжная вентиляция.
A51: 22 | B51: ТЕРп01-03-002-04 | C51: Выключатель трехполюсный напряжением до 1 кВ с электромагнитным, тепловым или комбинированным расцепителем, номинальный ток, А, до: 50 | D51: шт. | E51: 2 | F51: 26.53 | G51: 26.53 | J51: 53 | K51: 53
A52: 23 | B52: ТЕРп01-04-002-01 | C52: Тепловая защита с реле одним | D52: компл. | E52: 2 | F52: 53.49 | G52: 53.49 | J52: 107 | K52: 107
A53: 24 | B53: ТЕРп01-05-017-01 | C53: Устройство АВР электродвигателей, шт 1 | D53: устройство | E53: 1 | F53: 445.75 | G53: 445.75 | J53: 446 | K53: 446
A54: 25 | B54: ТЕРп01-07-001-01 | C54: Электродвигатель асинхронный с короткозамкнутым ротором, напряжением, кВ до 1 | D54: шт. | E54: 2 | F54: 47.71 | G54: 47.71 | J54: 95 | K54: 95
A55: 26 | B55: ТЕРп01-09-010-03 | C55: Функциональная группа управления релейно-контакторная с общим числом внешних блокировочных связей до 10 | D55: шт. | E55: 1 | F55: 250.43 | G55: 250.43 | J55: 250 | K55: 250
A56: 27 | B56: ТЕРп01-09-010-04 | C56: Функциональная группа управления релейно-контакторная с общим числом внешних блокировочных связей до 20 | D56: шт. | E56: 2 | F56: 367.29 | G56: 367.29 | J56: 735 | K56: 735
A57: 28 | B57: ТЕРп01-11-011-01 | C57: Проверка наличия цепи между заземлителями и заземленными элементами | D57: 100 точек | E57: 0.04 | F57: 251.12 | G57: 251.12 | J57: 10 | K57: 10
A58: 29 | B58: ТЕРп01-11-013-01 | C58: Замер полного сопротивления цепи "фаза-нуль" | D58: 1 токоприемник | E58: 4 | F58: 23.54 | G58: 23.54 | J58: 94 | K58: 94
A59: 30 | B59: ТЕРп01-11-024-01 | C59: Фазировка электрической линии или трансформатора с сетью напряжением, кВ до 1 | D59: 1 фазировка | E59: 2 | F59: 15.7 | G59: 15.7 | J59: 31 | K59: 31
A60: 31 | B60: ТЕРп01-11-028-01 | C60: Измерение сопротивления изоляции мегаомметром кабельных и других линий напряжением до 1 кВ, предназначенных для передачи электроэнергии к распределительным устройствам, щитам, шкафам, коммутационным аппаратам и электропотребителям | D60: 1 линия | E60: 2 | F60: 6.28 | G60: 6.28 | J60: 13 | K60: 13
A61: 32 | B61: ТЕРп01-11-028-02 | C61: Измерение сопротивления изоляции мегаомметром обмоток машин и аппаратов | D61: 1 измерение | E61: 2 | F61: 1.57 | G61: 1.57 | J61: 3 | K61: 3
A62: 33 | B62: ТЕРп01-12-029-01 | C62: Испытания цепи вторичной коммутации | D62: 1 испытание | E62: 3 | F62: 33.88 | G62: 33.88 | J62: 102 | K62: 102
A63: Раздел 4. Воздушно-тепловые завесы.
A64: 34 | B64: ТЕРп01-03-001-01 | C64: Выключатель однополюсный напряжением до 1 кВ с электромагнитным, тепловым или комбинированным расцепителем | D64: шт. | E64: 4 | F64: 19.9 | G64: 19.9 | J64: 80 | K64: 80
A65: 35 | B65: ТЕРп01-07-001-01 | C65: Электродвигатель асинхронный с короткозамкнутым ротором, напряжением, кВ до 1 | D65: шт. | E65: 4 | F65: 47.71 | G65: 47.71 | J65: 191 | K65: 191
A66: 36 | B66: ТЕРп01-07-004-01 | C66: Электродвигатель напряжением до 1 кВ переменного тока: однофазный | D66: шт. | E66: 4 | F66: 31.81 | G66: 31.81 | J66: 127 | K66: 127
A67: 37 | B67: ТЕРп01-09-001-01 | C67: Датчик контактный механический с числом цепей управления до 2 | D67: шт. | E67: 4 | F67: 37.68 | G67: 37.68 | J67: 151 | K67: 151
A68: 38 | B68: ТЕРп01-09-002-01 | C68: Датчик бесконтактный с числом "вход-выход" до 3 | D68: шт. | E68: 8 | F68: 150.72 | G68: 150.72 | J68: 1206 | K68: 1206
A69: 39 | B69: ТЕРп01-09-010-02 | C69: Функциональная группа управления релейно-контакторная с общим числом внешних блокировочных связей до 5 | D69: шт. | E69: 4 | F69: 133.56 | G69: 133.56 | J69: 534 | K69: 534
A70: 40 | B70: ТЕРп01-09-010-06 | C70: Функциональная группа управления релейно-контакторная с общим числом внешних блокировочных связей до: 50 | D70: шт. | E70: 2 | F70: 834.75 | G70: 834.75 | J70: 1670 | K70: 1670
A71: 41 | B71: ТЕРп01-11-011-01 | C71: Проверка наличия цепи между заземлителями и заземленными элементами | D71: 100 точек | E71: 0.12 | F71: 251.12 | G71: 251.12 | J71: 30 | K71: 30
A72: 42 | B72: ТЕРп01-09-013-01 | C72: Контур регулирования параметров 1: с числом органов настройки до 5 | D72: шт. | E72: 2 | F72: 1460.62 | G72: 1460.62 | J72: 2921 | K72: 2921
A73: 43 | B73: ТЕРп01-11-013-01 | C73: Замер полного сопротивления цепи "фаза-нуль" | D73: 1 токоприемник | E73: 4 | F73: 23.54 | G73: 23.54 | J73: 94 | K73: 94
A74: 44 | B74: ТЕРп01-11-028-01 | C74: Измерение сопротивления изоляции мегаомметром кабельных и других линий напряжением до 1 кВ, предназначенных для передачи электроэнергии к распределительным устройствам, щитам, шкафам, коммутационным аппаратам и электропотребителям | D74: 1 линия | E74: 8 | F74: 6.28 | G74: 6.28 | J74: 50 | K74: 50
A75: 45 | B75: ТЕРп01-11-028-02 | C75: Измерение сопротивления изоляции мегаомметром обмоток машин и аппаратов | D75: 1 измерение | E75: 4 | F75: 1.57 | G75: 1.57 | J75: 6 | K75: 6
A76: 46 | B76: ТЕРп01-12-029-01 | C76: Испытания цепи вторичной коммутации | D76: 1 испытание | E76: 4 | F76: 33.88 | G76: 33.88 | J76: 136 | K76: 136
A77: Раздел 5. Воздушно-отопительный агрегат.
A78: 47 | B78: ТЕРп01-03-002-04 | C78: Выключатель трехполюсный напряжением до 1 кВ с электромагнитным, тепловым или комбинированным расцепителем, номинальный ток, А, до: 50 | D78: шт. | E78: 2 | F78: 26.53 | G78: 26.53 | J78: 53 | K78: 53
A79: 48 | B79: ТЕРп01-04-002-01 | C79: Тепловая защита с реле одним | D79: компл. | E79: 2 | F79: 53.49 | G79: 53.49 | J79: 107 | K79: 107
A80: 49 | B80: ТЕРп01-07-001-01 | C80: Электродвигатель асинхронный с короткозамкнутым ротором, напряжением, кВ до 1 | D80: шт. | E80: 2 | F80: 47.71 | G80: 47.71 | J80: 95 | K80: 95
A81: 50 | B81: ТЕРп01-09-002-01 | C81: Датчик бесконтактный с числом "вход-выход" до 3 | D81: шт. | E81: 2 | F81: 150.72 | G81: 150.72 | J81: 301 | K81: 301
A82: 51 | B82: ТЕРп01-09-002-04 | C82: Элемент "усиление-преобразование" с числом "вход-выход" до 5 с числом органов настройки до 3 | D82: шт. | E82: 2 | F82: 75.36 | G82: 75.36 | J82: 151 | K82: 151
A83: 52 | B83: ТЕРп01-09-010-04 | C83: Функциональная группа управления релейно-контакторная с общим числом внешних блокировочных связей до 20 | D83: шт. | E83: 2 | F83: 367.29 | G83: 367.29 | J83: 735 | K83: 735
A84: 53 | B84: ТЕРп01-11-011-01 | C84: Проверка наличия цепи между заземлителями и заземленными элементами | D84: 100 точек | E84: 0.04 | F84: 251.12 | G84: 251.12 | J84: 10 | K84: 10
A85: 54 | B85: ТЕРп01-11-013-01 | C85: Замер полного сопротивления цепи "фаза-нуль" | D85: 1 токоприемник | E85: 2 | F85: 23.54 | G85: 23.54 | J85: 47 | K85: 47
A86: 55 | B86: ТЕРп01-11-028-01 | C86: Измерение сопротивления изоляции мегаомметром кабельных и других линий напряжением до 1 кВ, предназначенных для передачи электроэнергии к распределительным устройствам, щитам, шкафам, коммутационным аппаратам и электропотребителям | D86: 1 линия | E86: 4 | F86: 6.28 | G86: 6.28 | J86: 25 | K86: 25
A87: 56 | B87: ТЕРп01-11-028-02 | C87: Измерение сопротивления изоляции мегаомметром обмоток машин и аппаратов | D87: 1 измерение | E87: 2 | F87: 1.57 | G87: 1.57 | J87: 3 | K87: 3
A88: Раздел 6. Электрические грелки.
A89: 57 | B89: ТЕРп01-03-002-04 | C89: Выключатель трехполюсный напряжением до 1 кВ с электромагнитным, тепловым или комбинированным расцепителем, номинальный ток, А, до: 50 | D89: шт. | E89: 3 | F89: 26.53 | G89: 26.53 | J89: 80 | K89: 80
A90: 58 | B90: ТЕРп01-07-003-01 | C90: Машина постоянного тока напряжением, В до 440, мощностью, кВт: до 200 | D90: шт. | E90: 7 | F90: 47.71 | G90: 47.71 | J90: 334 | K90: 334
A91: 59 | B91: ТЕРп01-09-002-01 | C91: Датчик бесконтактный с числом "вход-выход" до 3 | D91: шт. | E91: 3 | F91: 150.72 | G91: 150.72 | J91: 452 | K91: 452
A92: 60 | B92: ТЕРп01-09-002-04 | C92: Элемент "усиление-преобразование" с числом "вход-выход" до 5 с числом органов настройки до 3 | D92: шт. | E92: 3 | F92: 75.36 | G92: 75.36 | J92: 226 | K92: 226
A93: 61 | B93: ТЕРп01-09-010-04 | C93: Функциональная группа управления релейно-контакторная с общим числом внешних блокировочных связей до 20 | D93: шт. | E93: 3 | F93: 367.29 | G93: 367.29 | J93: 1102 | K93: 1102
A94: 62 | B94: ТЕРп01-11-011-01 | C94: Проверка наличия цепи между заземлителями и заземленными элементами | D94: 100 точек | E94: 0.1 | F94: 251.12 | G94: 251.12 | J94: 25 | K94: 25
A95: 63 | B95: ТЕРп01-11-013-01 | C95: Замер полного сопротивления цепи "фаза-нуль" | D95: 1 токоприемник | E95: 7 | F95: 23.54 | G95: 23.54 | J95: 165 | K95: 165
A96: 64 | B96: ТЕРп01-11-028-01 | C96: Измерение сопротивления изоляции мегаомметром кабельных и других линий напряжением до 1 кВ, предназначенных для передачи электроэнергии к распределительным устройствам, щитам, шкафам, коммутационным аппаратам и электропотребителям | D96: 1 линия | E96: 6 | F96: 6.28 | G96: 6.28 | J96: 38 | K96: 38
A97: 65 | B97: ТЕРп01-11-028-02 | C97: Измерение сопротивления изоляции мегаомметром обмоток машин и аппаратов | D97: 1 измерение | E97: 7 | F97: 1.57 | G97: 1.57 | J97: 11 | K97: 11
A98: Итого прямые затраты по смете в ценах 2001г. | J98: 23009 | K98: 23009
A99: Итого прямые затраты по смете с учетом коэффициентов к итогам | J99: 21118 | K99: 21118
A100: В том числе, справочно:
A101: Районный к-т 4,3% (Поз. 1-2, 74, 3-65) | J101: 989 | K101: 989
A102: Стадия "вхолостую" ПЗ=0,8 (ОЗП=0,8; ЭМ=0,8; ЗПМ=0,8; МАТ=0,8) (Поз. 1-2, 74, 3-65) | J102: -4800 | K102: -4800
A103: Условия производства работ ПЗ=1,1 (ОЗП=1,1; ЭМ=1,1; ЗПМ=1,1; МАТ=1,1) (Поз. 1-2, 74, 3-65) | J103: 1920 | K103: 1920
A104: Накладные расходы | J104: 13727
A105: В том числе, справочно:
A106: 65% ФОТ (от 21118) (Поз. 1-2, 74, 3-65) | J106: 13727
A107: Сметная прибыль | J107: 8447
...

Sheet СМР
A1: Расчет начальной (максимальной) цены на
A2: реконструкцию вентиляционных камер ж/д тамбура здания 311 (инв. №8512331)
A4: Наименование глав ССР, объектный сметных расчетов, локальных сметных расчетов, видов прочих работ | B4: Сметная стоимость строительства в базисном уровне цен на 01.01.2000г. по ССР | F4: Остаток сметной стоимости в базисном уровне цен на 01.01.2014 | J4: Сметная стоимость строительства в базисном уровне цен на 01.01.2000г., выставленная на конкурс | N4: Текущая стоимость на момент определения начальной (максимальной) цены | O4: № обосновывающего расчета | P4: 2015 год
B5: Всего | C5: СМР | D5: Оборудование | E5: Прочие | F5: Всего | G5: СМР | H5: Оборудование | I5: Прочие | J5: Всего | K5: СМР | L5: Оборудование | M5: Прочие | P5: СМР | Q5: Оборудование | R5: Прочие
A6: 1 | B6: 2 | C6: 3 | D6: 4 | E6: 5 | F6: 6 | G6: 7 | H6: 8 | I6: 9 | J6: 10 | K6: 11 | L6: 12 | M6: 13 | N6: 14 | O6: 15 | P6: 19 | Q6: 20 | R6: 21
A7: Монтажные работы по реконструкции электрического освещения вентиляционных камер. | B7: =SUM(C7:E7) -> 9657 | C7: ='25144'!J67 -> 9657 | D7: 0 | F7: =SUM(G7:I7) -> 9657 | G7: =C7 -> 9657 | H7: =D7 -> 0 | I7: =E7 -> 0 | J7: =SUM(K7:M7) -> 9657 | K7: =G7 -> 9657 | L7: =H7 -> 0 | O7: 25144 | P7: =K7 -> 9657
A8: Дополнительные работы по реконструкции вентиляционных камер ж/д тамбура здания 311 отдела 015 (инв. №8512331) | B8: =SUM(C8:E8) -> 194817 | C8: =76453+58114 -> 134567 | D8: 60250 | F8: =SUM(G8:I8) -> 194817 | G8: =C8 -> 134567 | H8: =D8 -> 60250 | J8: =SUM(K8:M8) -> 194817 | K8: =G8 -> 134567 | L8: =H8 -> 60250 | O8: 25174 | P8: =K8 -> 134567 | Q8: =L8 -> 60250
A9: Пусконаладочные работы стадия "вхолостую" по вентиляции. Пл. 1. Здание 311 (инв.№ 8512331) | B9: =SUM(C9:E9) -> 4225 | E9: ='7081'!J48 -> 4225 | F9: =SUM(G9:I9) -> 4225 | I9: =E9 -> 4225 | J9: =SUM(K9:M9) -> 4225 | M9: =I9 -> 4225 | O9: 7081 | R9: =M9 -> 4225
A10: Пусконаладочные работы стадия "вхолостую" на электрооборудование. Пл.1. Зд.311 (инв.№ 8512331) | B10: =SUM(C10:E10) -> 43292 | E10: ='7082'!J111 -> 43292 | F10: =SUM(G10:I10) -> 43292 | I10: =E10 -> 43292 | J10: =SUM(K10:M10) -> 43292 | M10: =I10 -> 43292 | O10: 7082 | R10: =M10 -> 43292
A11: Итого в ценах 2000 года: | B11: =SUM(C11:E11) -> 251991 | C11: =SUM(C7:C8) -> 144224 | D11: =SUM(D7:D8) -> 60250 | E11: =SUM(E7:E10) -> 47517 | F11: =SUM(G11:I11) -> 251991 | G11: =SUM(G7:G8) -> 144224 | H11: =SUM(H7:H8) -> 60250 | I11: =SUM(I7:I10) -> 47517 | J11: =SUM(K11:M11) -> 251991 | K11: =SUM(K7:K8) -> 144224 | L11: =SUM(L7:L8) -> 60250 | M11: =SUM(M7:M10) -> 47517 | N11: =SUM(P11:R11) -> 251991 | P11: =SUM(P7:P8) -> 144224 | Q11: =SUM(Q7:Q8) -> 60250 | R11: =SUM(R7:R10) -> 47517
A12: Итого в текущих ценах*: | N12: =SUM(P12:R12) -> 1524024 | P12: =ROUND(P11*5.71,0) -> 823519 | Q12: =ROUND(Q11*3.74,0) -> 225335 | R12: =ROUND(R11*10,0) -> 475170
A13: Итого с индексом инфляции**: | N13: =SUM(P13:R13) -> 1601749 | P13: =ROUND(P12*1.051,0) -> 865518 | Q13: =ROUND(Q12*1.051,0) -> 236827 | R13: =ROUND(R12*1.051,0) -> 499404
A14: НДС 18% | N14: =SUM(P14:R14) -> 288314.82 | P14: =ROUND(P13*18%,2) -> 155793.24 | Q14: =ROUND(Q13*18%,2) -> 42628.86 | R14: =ROUND(R13*18%,2) -> 89892.72
A15: Всего: | N15: =SUM(P15:R15) -> 1890063.8 | P15: =SUM(P13:P14) -> 1021311.2 | Q15: =SUM(Q13:Q14) -> 279455.86 | R15: =SUM(R13:R14) -> 589296.72
A17: * В расчете использованы индексы:
A18: - 5,71 индекс изменения сметной стоимости СМР к ТЕР 2001 (письмо Минстроя России от 13.11.2014 года № 25374-ЮР/08 приложение 1, прочие объекты)
A19: - 3,74 индекс изменения сметной стоимости оборудования к ТЕР 2001 (письмо Минстроя России от от 13.11.2014 года № 25374-ЮР/08 приложение 5, экономика в целом)
A20: - 10,00 индекс изменения сметной стоимости прочих затрат к ТЕР 2001 (письмо Минстроя России от от 13.11.2014 года № 25374-ЮР/08 приложение 1, пусконаладочные работы)
A21: ** В расчете использован индекс-дефлятор по инвестициям в основной капитал 2015/2014 - 1,051 по письмам: Минэкономразвития России от 25.09.2013 № 20402-АК/ДОЗи, Госкорпорации "Росатом" от 10.02.2014 № 1-12.8/4385
A23: Начальник отдела капитального строительства
A24: ФГУП "Комбинат "Электрохимприбор" | H24: В.В. Моляков
A26: Инженер по проектно-сметной работе | H26: Н.А. Басова
A28: Согласовано | H28: отд. 028

Sheet НМЦ договора
A3: Определение начальной (максимальной) цены договора генерального подряда
A4: на реконструкцию вентиляционных камер ж/д тамбура здания 311 (инв. №8512331)
A5: на 2015 год
A7: Способ закупки: открытый запрос предложений
F8: ц.2000г./текущие цены, руб.
A9: Наименование услуг и работ (затрат) | C9: Сметная стоимость строительства в базисном уровне цен на 01.01.2000 г. | D9: Сметная стоимость строительства в текущем уровне цен, пресчитанная на момент проведения процедуры закупки | F9: Начальная (максимальная) цена | G9: в том числе по годам строительства
G12: 2015г.
A16: 1 | C16: 2 | D16: 3 | F16: 4 | G16: 6
A17: СМР | C17: =СМР!K11 -> 144224 | D17: =F17 -> 865518 | F17: =SUM(G17:H17) -> 865518 | G17: =СМР!P13 -> 865518
A18: Оборудование | C18: =СМР!L11 -> 60250 | D18: =СМР!Q13 -> 236827 | F18: =SUM(G18:H18) -> 236827 | G18: =СМР!Q13 -> 236827
A19: Прочие затраты | C19: =СМР!M11 -> 47517 | D19: =СМР!R13 -> 499404 | F19: =СМР!R13 -> 499404 | G19: =СМР!R13 -> 499404
A20: Всего: | C20: =SUM(C17:C19) -> 251991 | D20: =СМР!N13 -> 1601749 | F20: =СМР!N13 -> 1601749 | G20: =СМР!N13 -> 1601749
A21: НДС | D21: =СМР!N14 -> 288314.82 | F21: =ROUND(F20*18%,2) -> 288314.82 | G21: =ROUND(G20*18%,2) -> 288314.82
A22: Итого с НДС | D22: =СМР!N15 -> 1890063.8 | F22: =SUM(F20:F21) -> 1890063.8 | G22: =SUM(G20:H21) -> 1890063.8
A24: В расчете использованы индексы:
A26: - 5,71 индекс изменения сметной стоимости СМР к ТЕР 2001 (письмо Минстроя России от 13.11.2014г. № 25374-ЮР/08 приложение 1, прочие объекты)
A27: - 3,74 индекс изменения сметной стоимости оборудования к ТЕР 2001 (письмо Минстроя России от 13.11.2014г. № 25374-ЮР/08 приложение 5, экономика в целом)
A28: - 10,00 индекс изменения сметной стоимости прочих затрат к ТЕР 2001 (письмо Минстроя России от от 13.11.2014 года № 25374-ЮР/08 приложение 1, пусконаладочные работы)
A29: ** В расчете использован индекс-дефлятор по инвестициям в основной капитал 2015/2014 - 1,051 по письмам: Минэкономразвития России от 25.09.2013 № 20402-АК/ДОЗи, Госкорпорации "Росатом" от 10.02.2014 № 1-12.8/4385
A31: Начальник отдела капитального строительства
A32: ФГУП "Комбинат "Электрохимприбор" | G32: В.В. Моляков
A34: Инженер по проектно-сметной работе | G34: Н.А. Басова
A36: Согласовано | G36: отд. 028
